 Dungeon Sprint DCSS version 0.25-b1-37-g2669288c55 (webtiles) character file.

Game seed: 10263131588001380849

490 Chiseanne the Summoner (level 6, -5/61 HPs)
             Began as a Demonspawn Summoner on June 4, 2020.
             Was an Initiate of Fedhas.
             Slain by a centaur warrior (12 damage)
             ... in the Dungeon (Sprint I: "Red Sonja").
             The game lasted 00:08:45 (940 turns).

Chiseanne the Summoner (Demonspawn Summoner)         Turns: 940, Time: 00:08:46

Health: -5/61      AC:  4    Str:  8    XL:     6   Next: 90%
Magic:  5/18       EV: 18    Int: 19    God:    Fedhas [......]
Gold:   52         SH:  0    Dex: 13    Spells: 13/23 levels left

rFire    . . .     SeeInvis .   e - +0 scythe
rCold    . . .     Gourm    .   (shield currently unavailable)
rNeg     . . .     Faith    .   n - +0 troll leather armour
rPois    .         Spirit   .   (helmet restricted)
rElec    .         Reflect  .   o - scarf {repulsion}
rCorr    .         Harm     .   (no gloves)
MR       .....     NoTele   +   (no boots)
Stlth    ..........             (no amulet)
HPRegen  0.60/turn              (no ring)
MPRegen  0.16/turn              (no ring)

@: agile, berserking, very slightly contaminated, repel missiles, very quick
A: antennae 1, demonic guardian 1, powered by pain 1
a: Renounce Religion


You were in the Dungeon.
You worshipped Fedhas.
Fedhas was noncommittal.
You were hungry.

You visited 1 branch You collected 740 gold pieces.
You spent 688 gold pieces at shops.

Inventory:

Hand Weapons
 e - a +0 scythe (weapon)
Missiles
 g - 5 curare-tipped darts (quivered)
 j - 7 boomerangs
Armour
 n - a +0 troll leather armour (worn)
 o - a scarf of repulsion (worn)
Jewellery
 k - an uncursed ring of positive energy {unknown}
 p - a cursed -4 ring of strength {unknown}
Scrolls
 i - a scroll of blinking
Potions
 a - a potion of mutation {unknown}
 b - a potion of cancellation
 d - 3 potions of curing
 f - a potion of haste
Comestibles
 c - a ration
 m - 4 chunks of flesh


   Skills:
 * Level 4.4 Dodging
 - Level 1.7 Stealth
 * Level 9.0 Spellcasting
 * Level 10.3 Summonings
 * Level 5.6 Invocations


You had 13 spell levels left.
You knew the following spells:

 Your Spells              Type           Power        Failure   Level  Hunger
a - Summon Small Mammal   Summ           ####         1%          1    None
b - Call Imp              Summ           #####...     1%          2    None
c - Call Canine Familiar  Summ           #####...     1%          3    None
d - Summon Ice Beast      Ice/Summ       ####....     14%         4    ###....

Your spell library contained the following spells:

 Spells                   Type           Power        Failure   Level  Hunger
 Summon Guardian Golem    Hex/Summ       ####....     4%          3    None
 Summon Lightning Spire   Summ/Air       ####....     14%         4    ###....


Dungeon Overview and Level Annotations

Branches:
Dungeon (1/1)

Altars:
Cheibriados
Dithmenos
Elyvilon
Fedhas
Gozag
Hepliaklqana
Kikubaaqudgha
Nemelex Xobeh
Okawaru
Qazlal
Ru
Sif Muna
Trog
Uskayaw
Vehumet
Wu Jian
Yredelemnul
Zin
The Shining One

Shops:
D }%[

Annotations:
D exclusion: door, Sonja


Innate Abilities, Weirdness & Mutations

You have a pair of small antennae on your head.
A weak demonic guardian rushes to your aid.
You sometimes gain a little power by taking damage.


Message History

A red film seems to cover your vision as you go berserk!
You feel yourself moving faster!
You feel mighty!
The centaur warrior unwields a +0 shortbow.
The centaur warrior misses you.
You hit the centaur warrior but do no damage.
The centaur warrior is moderately wounded.
The centaur warrior closely misses you.
Your larval fireshock beast hits the centaur warrior.
You completely miss the centaur warrior.
The centaur warrior is moderately wounded.
The centaur warrior hits you!
* * * LOW HITPOINT WARNING * * *
The centaur warrior closely misses you.
The centaur warrior shoots an arrow.
The arrow misses you.
Your larval fireshock beast hits the centaur warrior.
You barely miss the centaur warrior.
The centaur warrior is moderately wounded.
The centaur warrior hits you!
You die...
Fedhas appreciates your contribution to the ecosystem.

#..#####'#####'# #
#.[####..#...#.####§§#
#..#__####..##.#≈§§.(#
#..#_____##'#_.+≈§§c§+
#⌠⌠#_.∩...'.c._#§§§§c#
####_..__##_.#'##(###
#_____###'#.#§{..###{
############.####(###.##
#∩...÷....'.(@cH§(.['.∩#
###++++####.5(##########
{ ###.### {#.#+#.#{
#..{5.# {#*[.).#{
#######{ {


{{{{ You could see 2 centaur warriors, a friendly larval fireshock beast
(summoned) and a friendly quasit (summoned).

Vanquished Creatures (collateral kills)
  A deep troll (D)
  Sigmund (D)
  A yak (D)
  An ogre (D)
  A jelly (D)
  Ijyb (D)
6 creatures vanquished.

Vanquished Creatures (others)
  A gargoyle (D)
1 creature vanquished.

Grand Total: 7 creatures vanquished

Notes
Turn   | Place    | Note
-------+----------+-------------------------------------------
     0 | D        | Chiseanne the Demonspawn Summoner began the quest for the
                  | Orb.
     0 | D        | Reached XP level 1. HP: 13/13 MP: 3/3
     7 | D        | Noticed Ijyb
    71 | D        | Killed Ijyb
    71 | D        | Reached skill level 5 in Summonings
    71 | D        | Gained mutation: You sometimes gain a little power by
                  | taking damage. [demonic ancestry]
    71 | D        | Reached XP level 2. HP: 19/19 MP: 3/6
   103 | D        | Noticed an ogre
   113 | D        | Killed an ogre
   113 | D        | Reached skill level 5 in Spellcasting
   113 | D        | Reached skill level 6 in Summonings
   113 | D        | Gained mutation: A weak demonic guardian rushes to your
                  | aid. [demonic ancestry]
   113 | D        | Reached XP level 3. HP: 24/24 MP: 4/9
   136 | D        | Killed a gargoyle
   174 | D        | Learned a level 2 spell: Call Imp
   178 | D        | Learned a level 3 spell: Call Canine Familiar
   182 | D        | Noticed Sigmund
   205 | D        | Killed Sigmund
   205 | D        | Reached skill level 8 in Summonings
   205 | D        | Gained mutation: You have a pair of small antennae on your
                  | head. [demonic ancestry]
   205 | D        | Reached XP level 4. HP: 16/30 MP: 1/12
   356 | D        | Found a shimmering blue altar of Sif Muna.
   357 | D        | Found an ornate altar of the Wu Jian Council.
   364 | D        | Found a radiant altar of Vehumet.
   371 | D        | Reached XP level 5. HP: 31/35 MP: 10/14
   405 | D        | Found Qoluriu's Food Emporium.
   405 | D        | Found an ancient bone altar of Kikubaaqudgha.
   405 | D        | Found a hazy altar of Hepliaklqana.
   405 | D        | Found a stormy altar of Qazlal.
   405 | D        | Found a hide-covered altar of Uskayaw.
   405 | D        | Found a blossoming altar of Fedhas.
   405 | D        | Found a bloodstained altar of Trog.
   405 | D        | Found an iron altar of Okawaru.
   405 | D        | Found a basalt altar of Yredelemnul.
   405 | D        | Found a glowing golden altar of the Shining One.
   405 | D        | Found a snail-covered altar of Cheibriados.
   405 | D        | Found a sacrificial altar of Ru.
   405 | D        | Found a glowing silver altar of Zin.
   405 | D        | Found a shadowy altar of Dithmenos.
   405 | D        | Found a white marble altar of Elyvilon.
   405 | D        | Noticed a yak
   406 | D        | Found an opulent altar of Gozag.
   424 | D        | Killed a yak
   424 | D        | Reached skill level 9 in Summonings
   429 | D        | Found a sparkling altar of Nemelex Xobeh.
   432 | D        | Became a worshipper of Fedhas Madash
   499 | D        | Noticed Sonja
   536 | D        | Found Vip Sull's Gadget Boutique.
   672 | D        | Learned a level 4 spell: Summon Ice Beast
   722 | D        | Bought a box of beasts for 260 gold pieces
   722 | D        | Bought a box of beasts for 260 gold pieces
   741 | D        | Noticed a deep troll
   770 | D        | Killed a deep troll
   770 | D        | Reached skill level 10 in Summonings
   770 | D        | Reached skill level 5 in Invocations
   770 | D        | Reached XP level 6. HP: 41/41 MP: 3/18
   795 | D        | Found Zaxzutwo's Armour Emporium.
   802 | D        | Bought a scarf of repulsion for 168 gold pieces
   900 | D        | Noticed a centaur warrior
   900 | D        | Noticed a centaur warrior
   940 | D        | Slain by a centaur warrior

Illustrated notes

Levels and vault maps discovered:
D:        dungeon_sprint_1 [red_sonja_temple_1, red_sonja_temple_small_1]

Skill      XL: |  1  2  3  4  5 |
---------------+----------------+-----
Spellcasting   | 3 5 6 9 |  9.0
Summonings     | 5 6 8 10 | 10.3
Dodging        | 4 |  4.4
Invocations    | 5 |  5.6
Stealth        | |  1.7

Action                   |  1- 3 |  4- 6 || total
-------------------------+-------+-------++-------
Melee: Unarmed           |     3 |       ||     3
       Scythe            |       |     5 ||     5
Throw: Dart              |       |     1 ||     1
 Cast: Summon Small Mamm |    14 |       ||    14
       Call Imp          |     4 |    13 ||    17
       Call Canine Famil |     1 |     5 ||     6
       Summon Ice Beast  |       |     3 ||     3
Evoke: Box of beasts     |       |     7 ||     7
  Use: Potion            |     4 |     3 ||     7
 Stab: Sleeping          |       |     2 ||     2
Armor: Robe              |     2 |       ||     2
Dodge: Dodged            |     2 |    12 ||    14
       Repelled          |       |     2 ||     2
